Map: Thunderbird LE

Players

MODEUS

  • Race: Terran Terran
  • Spawn Location: 5:00

Namshar - Winner!

  • Race: Zerg Zerg
  • Spawn Location: 11:00

Event: 2019 WCS Summer

VOD

Have the link to the VOD?

Description

Time

  • Played on: July 12, 2019, 6:32 a.m.
  • Length: 12:12

All games in this series

Show
View Real Time Build Order
Export as new Build Order

MODEUS Terran 

Build Orders: Reaper Expand, Hellion Banshee, Mech 

Get SALT Encoding   

  12  0:00  SCV  
  13  0:12  SCV  
  14  0:17  Supply Depot  
  14  0:25  SCV  
  15  0:38  SCV  
  15  0:40  Barracks  
  16  0:44  Refinery  
  16  0:50  SCV  
  17  1:02  SCV  
  18  1:15  SCV  
  19  1:27  Orbital Command  
  19  1:28  Reaper  
  20  1:40  Command Center  
  20  1:52  SCV  
  21  1:57  Engineering Bay  
  21  2:00  Barracks Reactor  
  21  2:04  SCV  
  21  2:06  Supply Depot  
  22  2:17  SCV  
  23  2:23  Factory  
  23  2:29  SCV  
  24  2:41  SCV  
  24  2:43  Marine x2  
  27  2:53  SCV  
  27  2:58  Orbital Command  
  28  3:06  SCV  
  28  3:10  Barracks Tech Lab, Command Center  
  29  3:17  Hellion x2  
  29  3:18  SCV  
  34  3:24  SCV  
  35  3:28  Starport  
  35  3:37  SCV x2  
  35  3:38  Hellion x2  
  40  3:45  Supply Depot  
  40  3:49  SCV x2  
  40  3:52  Refinery  
  42  4:01  SCV  
  43  4:03  SCV  
  43  4:09  Supply Depot  
  44  4:10  Barracks Tech Lab  
  44  4:13  SCV  
  44  4:15  SCV  
  44  4:16  Viking, Hellion x2  
  52  4:22  Supply Depot  
  52  4:24  Orbital Command  
  52  4:25  SCV  
  52  4:27  SCV  
  54  4:34  Cloaking Field  
  54  4:37  SCV  
  55  4:39  SCV  
  55  4:42  Supply Depot  
  56  4:45  Refinery x2  
  56  4:46  Orbital Command, Supply Depot  
  56  4:48  Banshee  
  56  4:49  SCV  
  56  4:52  SCV  
  61  5:01  Supply Depot  
  61  5:02  SCV  
  61  5:04  SCV  
  63  5:10  Armory  
  63  5:12  SCV  
  63  5:14  SCV  
  65  5:16  Armory, SCV  
  66  5:24  SCV  
  66  5:26  SCV, Hellion x2  
  66  5:28  SCV  
  73  5:31  Banshee  
  76  5:35  Refinery  
  76  5:36  SCV  
  76  5:38  SCV  
  76  5:40  SCV  
  76  5:41  Refinery  
  79  5:46  Factory  
  79  5:47  Factory  
  79  5:48  SCV  
  80  5:50  SCV  
  80  5:52  SCV  
  80  5:54  Hellion x2  
  86  6:00  SCV  
  86  6:02  SCV  
  88  6:04  SCV  
  89  6:13  SCV  
  89  6:14  SCV  
  89  6:15  Hellion  
  89  6:16  Hellion  
  95  6:20  Barracks Reactor  
  92  6:37  Hellion x2, Infernal Pre-Igniter  
  91  6:44  Thor  
  91  6:45  Thor  
  91  6:46  Terran Vehicle And Ship Armor Level 1, Terran Vehicle Weapons Level 1, SCV x3  
  106  6:53  Factory  
  106  6:54  Factory  
  106  7:00  SCV x2  
  108  7:03  Supply Depot x2  
  108  7:04  Supply Depot  
  108  7:10  Command Center  
  108  7:13  Medivac x2  
  112  7:21  Hellion x2  
  116  7:29  Liberator x2  
  116  7:34  Siege Tank x2  
  120  7:38  Factory Reactor, Factory Tech Lab  
  120  7:39  Engineering Bay, Supply Depot  
  120  7:44  Hellion x2  
  128  7:57  Siege Tank  
  131  8:04  Command Center  
  131  8:05  Engineering Bay  
  131  8:06  Siege Tank, Hellion x2  
  131  8:11  Siege Tank  
  138  8:30  Siege Tank  
  141  8:38  Siege Tank, Hellion x2  
  148  8:42  Supply Depot  
  148  8:43  Supply Depot x2  
  151  8:48  Siege Tank  
  151  8:49  Hellion  
  139  8:57  Hellion  
  139  9:00  Hellion  
  139  9:02  Siege Tank  
  144  9:05  Terran Vehicle Weapons Level 2, Terran Vehicle And Ship Armor Level 2  
  144  9:09  Orbital Command  
  142  9:10  Siege Tank  
  142  9:11  Hellion x2  
  147  9:18  Hellion  
  147  9:20  Siege Tank  
  147  9:21  Hellion  
  151  9:26  Refinery  
  151  9:30  Refinery  
  151  9:33  Command Center, Hellion x2  
  153  9:44  Siege Tank x2  
  153  9:45  Hellion x2  
  155  9:53  Hellion  
  155  9:55  Hellion x2  
  154  10:08  Hellion x2  
  154  10:14  Siege Tank  
  158  10:16  Siege Tank x2, Hellion x2  
  168  10:29  Liberator x2  
  168  10:30  Hellion x2  
  148  10:37  Hellion  
  148  10:38  Hellion  
  152  10:46  Siege Tank  
  152  10:47  Orbital Command  
  152  10:48  Siege Tank  
  152  10:49  Hellion  
  161  10:51  Hellion  
  161  10:52  Hellion  
  161  10:54  SCV  
  159  10:59  Hellion  
  161  11:07  Hellion  
  161  11:10  Hellion  
  138  11:20  Siege Tank x2  
  138  11:22  Hellion x2  
  128  11:27  Hellion  
  128  11:28  Hellion  
  128  11:31  Siege Tank  
  127  11:44  Hellion x2  
Show
View Real Time Build Order
Export as new Build Order

Namshar Zerg - Winner!

Build Orders: Hatch First, Swarm Host 

Get SALT Encoding   

  12  0:00  Drone  
  13  0:12  Overlord  
  13  0:17  Drone  
  14  0:30  Drone x2  
  16  0:48  Hatchery  
  15  0:51  Drone  
  15  0:54  Drone  
  17  0:58  Drone  
  18  1:08  Extractor  
  17  1:13  Spawning Pool  
  17  1:16  Drone  
  17  1:19  Drone  
  18  1:28  Drone  
  19  1:38  Drone  
  20  1:49  Drone  
  21  1:59  Queen x2  
  21  2:00  Zergling x2  
  21  2:01  Overlord  
  26  2:11  Zergling x4  
  26  2:13  Metabolic Boost  
  28  2:21  Drone x2  
  30  2:35  Queen  
  32  2:39  Overlord  
  32  2:44  Drone x3  
  34  2:49  Pneumatized Carapace  
  35  2:55  Drone  
  36  3:03  Drone  
  36  3:04  Drone  
  38  3:07  Drone  
  38  3:10  Drone  
  38  3:11  Drone x2  
  42  3:16  Hatchery  
  41  3:24  Drone  
  42  3:31  Drone x2  
  44  3:40  Overlord  
  44  3:41  Overlord  
  44  3:42  Baneling Nest  
  43  3:49  Overlord  
  44  3:55  Drone  
  44  3:57  Overlord x2  
  44  3:58  Queen  
  44  4:01  Drone x2  
  49  4:02  Drone  
  49  4:03  Drone  
  50  4:13  Zergling x4  
  50  4:14  Queen  
  54  4:20  Drone x4  
  58  4:25  Drone x2  
  58  4:28  Queen  
  58  4:29  Zergling x2  
  58  4:30  Zergling x2  
  63  4:41  Drone, Overlord  
  63  4:42  Drone x3, Queen  
  63  4:43  Drone x2  
  63  4:45  Drone  
  72  4:52  Overlord  
  72  4:54  Drone x2, Lair  
  72  4:56  Extractor  
  72  4:57  Drone x2, Extractor  
  72  4:59  Drone x2  
  76  5:01  Spore Crawler  
  76  5:02  Spore Crawler  
  76  5:03  Spore Crawler  
  76  5:04  Drone  
  74  5:07  Extractor  
  74  5:12  Drone x7  
  80  5:15  Drone x2  
  80  5:16  Drone  
  83  5:21  Zergling x2  
  83  5:23  Evolution Chamber x2  
  83  5:26  Drone x2  
  83  5:27  Drone  
  85  5:29  Extractor  
  85  5:30  Extractor  
  83  5:36  Drone, Roach Warren  
  83  5:38  Drone  
  83  5:40  Drone x2  
  83  5:41  Drone x2  
  88  5:47  Baneling x2  
  88  5:48  Baneling x2  
  88  5:55  Zerg Missile Weapons Level 1, Zerg Melee Weapons Level 1  
  88  6:01  Overseer  
  88  6:04  Hatchery  
  88  6:06  Zergling x4, Overlord  
  88  6:07  Overlord x3  
  88  6:09  Infestation Pit  
  88  6:11  Drone  
  89  6:24  Queen  
  91  6:42  Queen  
  91  6:45  Glial Reconstitution  
  91  6:46  Hive  
  93  6:48  Overlord x3  
  93  6:50  Drone x15  
  108  6:56  Extractor  
  108  6:58  Extractor  
  106  7:02  Roach x5  
  116  7:14  Roach x5  
  126  7:17  Baneling x2  
  126  7:19  Centrifical Hooks  
  126  7:24  Queen  
  126  7:37  Overlord x5  
  126  7:39  Drone  
  126  7:40  Overlord  
  126  7:42  Roach x4  
  135  7:57  Overlord  
  135  7:59  Zerg Ground Armor Level 1, Zerg Missile Weapons Level 2  
  135  8:00  Swarm Host x12  
  135  8:03  Swarm Host  
  169  8:26  Queen  
  171  8:31  Zergling x2, Roach x2  
  171  8:32  Swarm Host x2  
  173  8:41  Hatchery  
  172  8:49  Swarm Host x2  
  177  8:58  Zergling x2, Roach x2  
  169  9:03  Drone x15  
  183  9:12  Drone x6, Spire  
  183  9:13  Drone x2  
  187  9:30  Spine Crawler  
  187  9:31  Spine Crawler  
  184  9:34  Spore Crawler  
  184  9:36  Zergling x12, Roach x3  
  178  9:45  Extractor  
  175  9:47  Spine Crawler  
  175  9:48  Spore Crawler  
  175  9:50  Drone x3  
  175  9:52  Hydralisk Den  
  173  9:54  Ravager x11  
  173  9:59  Roach x9  
  196  10:00  Ravager  
  179  10:14  Roach  
  179  10:15  Roach x9  
  185  10:32  Roach x13  
  182  10:37  Queen x2  
  182  10:42  Ravager x11  
  194  10:43  Roach x3  
  197  10:59  Roach x3  
  194  11:31  Drone x4  
  195  11:32  Extractor  
  195  11:35  Spine Crawler  
  195  11:37  Extractor, Spine Crawler  
  185  11:40  Ravager  
  178  11:53  Drone x3  
Tags
 
Add a new tag
Caveats
  • Supply blocks, unpowered buildings, or Contaminate may cause inaccurate times.
  • Supply counts are checked every 10 seconds.